 Dungeon Crawl Stone Soup version 0.17.1-1-g73c8601 (webtiles) character file.

10012 PossumBlood the Severer (level 11, 0/99 HPs)
             Began as a Minotaur Fighter on Jan 8, 2016.
             Was an Elder of Okawaru.
             Slain by a komodo dragon (6 damage)
             ... while paralysed by Erolcha
             ... on level 11 of the Dungeon.
             The game lasted 00:34:15 (11071 turns).

PossumBlood the Severer (Minotaur Fighter)         Turns: 11071, Time: 00:34:15

Health: 0/99       AC: 20    Str: 24    XL:     11   Next: 30%
Magic:  10/10      EV:  2    Int:  5    God:    Okawaru [****..]
Gold:   553        SH:  0    Dex: 10    Spells: 0 memorised, 10 levels left

rFire  . . .     SeeInvis .     R - +3 war axe
rCold  . . .     Clarity  .     t - +4 chain mail
rNeg   + . .     SustAt   .     c - +0 shield
rPois  .         Gourm    .     K - +0 hat
rElec  .         Spirit   .     G - +2 cloak
rCorr  .         Warding  .     (no gloves)
rMut   .         Stasis   .     A - +0 pair of boots
MR     .....                    H - amulet of faith
Stlth  ..........               F - ring of wizardry
                                o - ring of positive energy

@: paralysed, not resistant to hostile enchantments, extremely unstealthy
A: retaliatory headbutt, horns 2
a: Heroism, Renounce Religion


You were on level 11 of the Dungeon.
You worshipped Okawaru.
Okawaru was greatly pleased with you.
You were not hungry.

You visited 2 branches of the dungeon, and saw 12 of its levels.

You collected 553 gold pieces.

Inventory:

Hand Weapons
 a - a +0 war axe
 y - a +0 battleaxe
 Q - a +1 hand axe
 R - a +3 war axe (weapon)
Missiles
 k - 7 tomahawks (quivered)
 w - 4 tomahawks of returning
Armour
 c - a +0 shield (worn)
 t - a +4 chain mail (worn)
 A - a +0 pair of boots (worn)
 G - a +2 cloak (worn)
 K - a +0 hat (worn)
 P - a +0 plate armour
Jewellery
 o - a ring of positive energy (left hand)
 F - a ring of wizardry (right hand)
 H - an amulet of faith (around neck)
Wands
 h - a wand of disintegration (13)
 J - a wand of paralysis (18)
Scrolls
 d - 2 scrolls of magic mapping
 i - 3 scrolls of enchant armour
 j - a scroll of amnesia
 m - 10 scrolls of remove curse
 x - a scroll of blinking
 M - a scroll of teleportation
Potions
 f - a potion of curing
 n - 3 potions of brilliance
 r - 8 potions of poison
 s - 2 potions of berserk rage
 u - 2 potions of lignification
 z - a potion of might
 N - a potion of magic
Books
 g - a book of Burglary

   Spells                             Type                      Level
   a - Swiftness                      Charms/Air                   2
   b - Passwall                       Transmutation/Earth          3
   c - Passage of Golubria            Translocation                4
   d - Lee's Rapid Deconstruction     Earth                        5
   e - Darkness                       Hexes                        6
   f - Invisibility                   Hexes                        6
 l - a book of Minor Magic

   Spells                             Type                      Level
   a - Magic Dart                     Conjuration                  1
   b - Blink                          Translocation                2
   c - Call Imp                       Summoning                    2
   d - Repel Missiles                 Charms/Air                   2
   e - Slow                           Hexes                        2
   f - Conjure Flame                  Conjuration/Fire             3
   g - Mephitic Cloud                 Conjuration/Poison/Air       3
 p - a Fen Folio

   Spells                             Type                      Level
   a - Corpse Rot                     Necromancy                   2
   b - Stone Arrow                    Conjuration/Earth            3
   c - Leda's Liquefaction            Hexes/Earth                  4
   d - Summon Forest                  Summoning/Translocation      5
   e - Hydra Form                     Transmutation                6
   f - Summon Hydra                   Summoning                    7
 q - a book of Envenomations

   Spells                             Type                      Level
   a - Spider Form                    Transmutation/Poison         3
   b - Alistair's Intoxication        Transmutation/Poison         4
   c - Olgreb's Toxic Radiance        Poison                       4
   d - Poisonous Cloud                Conjuration/Poison/Air       6
 v - a book of Geomancy

   Spells                             Type                      Level
   a - Sandblast                      Earth                        1
   b - Stoneskin                      Transmutation/Earth          2
   c - Passwall                       Transmutation/Earth          3
   d - Stone Arrow                    Conjuration/Earth            3
   e - Petrify                        Transmutation/Earth          4
   f - Lee's Rapid Deconstruction     Earth                        5
 B - a book of Fire

   Spells                             Type                      Level
   a - Ignite Poison                  Fire/Transmutation/Poison    3
   b - Fireball                       Conjuration/Fire             5
   c - Bolt of Fire                   Conjuration/Fire             6
   d - Delayed Fireball               Conjuration/Fire             7
   e - Ring of Flames                 Charms/Fire                  7
 C - Vehumet's Reference Book on Attacks
   (You found it on level 7 of the Dungeon)

   Spells                             Type                      Level
   a - Magic Dart                     Conjuration                  1
 D - Kikubaaqudgha's Catalogue of Necromancy
   (You found it on level 7 of the Dungeon)

   Spells                             Type                      Level
   a - Animate Skeleton               Necromancy                   1
 E - Sif Muna's Almanac of Transformation
   (You found it on level 7 of the Dungeon)

   Spells                             Type                      Level
   a - Beastly Appendage              Transmutation                1
 L - an Akashic Record

   Spells                             Type                      Level
   a - Dispersal                      Translocation                6
   b - Malign Gateway                 Summoning/Translocation      7
   c - Disjunction                    Translocation                8
   d - Controlled Blink               Translocation                8
Comestibles
 b - 5 meat rations
 e - 3 bread rations
 I - 7 royal jellies
 O - 3 beef jerkies


   Skills:
 - Level 10.0 Fighting
 - Level 16.0 Axes
 * Level 9.8 Armour
 - Level 3.6 Shields


You had 10 spell levels left.
You didn't know any spells.

Dungeon Overview and Level Annotations

Branches:
Dungeon (11/15)            Temple (1/1) D:6            Lair (0/8) D:9
    Orc (0/4) D:9

Altars:
Ashenzari
Cheibriados
Dithmenos
Elyvilon
Fedhas
Gozag
Kikubaaqudgha
Makhleb
Nemelex Xobeh
Okawaru
Ru
Sif Muna
Trog
Vehumet
Yredelemnul
Zin
The Shining One

Shops:
D:5 (   D:9 =   D:10 :%

Annotations:
D:11 Erolcha


Innate Abilities, Weirdness & Mutations

You reflexively headbutt those who attack you in melee.
You have a pair of horns on your head.


Message History

Erolcha hits you with a giant spiked club!
The komodo dragon bites you!
* * * LOW HITPOINT WARNING * * *
You hit Erolcha but do no damage. Your headbutt misses Erolcha.
Erolcha is almost dead.
You hit the komodo dragon.
The komodo dragon is moderately wounded.
Erolcha hits you with a giant spiked club!
* * * LOW HITPOINT WARNING * * *
The komodo dragon bites you!
* * * LOW HITPOINT WARNING * * *
Drink which item? (? for menu, Esc to quit)
You feel better. Erolcha gestures at you while chanting.
You suddenly lose the ability to move!
The komodo dragon bites you but does no damage.
Erolcha hits you with a giant spiked club!
* * * LOW HITPOINT WARNING * * *
The komodo dragon bites you.
You die...

.#.......###...........#
##.....................#
.......................#
.......................#
....<..................#
..(....................#
##+####..†.#####.......#
#....# #.......# #..>.#
#@......# #....+
#lO.....# #....#
#.....$.# #....#
#.....### ##...# #.....#
#...### #...# #...#


You could see Erolcha and a komodo dragon.

Vanquished Creatures
  Fannar (D:10)
  An unseen horror (D:10)
  3 hill giants
  Pikel (D:7)
  Maurice (D:9)
  Joseph (D:7)
  Grinder (D:6)
  2 hippogriffs (D:10)
  Grum (D:8)
  3 hungry ghosts
  3 wolves (D:8)
  A water moccasin (D:6)
  A spider (D:8)
  2 ice beasts
  A swamp drake (D:9)
  3 orc warriors
  2 wasps (D:8)
  3 centaurs
  A phantom (D:6)
  6 ogres
  A big kobold (D:9)
  6 giant frogs
  5 scorpions
  6 wights
  11 killer bees
  A quasit (D:5)
  6 crimson imps
  2 hounds
  2 giant frog skeletons
  A jelly (D:6)
  5 orc priests
  A centaur zombie (D:6)
  4 iguanas
  4 centaur skeletons
  7 orc wizards
  8 worker ants
  3 hound skeletons
  Robin (D:3)
  10 adders
  2 worker ant zombies
  4 gnolls (D:5)
  A shadow imp (D:5)
  2 adder skeletons
  5 worms
  9 giant geckos
  49 orcs
  8 bats
  8 giant cockroaches
  14 goblins
  5 hobgoblins
  18 jackals
  13 kobolds
  4 quokkas
  A giant gecko zombie (D:8)
  3 giant newts
  A jackal skeleton (D:8)
  9 rats
278 creatures vanquished.

Vanquished Creatures (others)
  A ball python (D:7)
  2 plants (D:9)
3 creatures vanquished.

Grand Total: 281 creatures vanquished

Notes
Turn   | Place    | Note
--------------------------------------------------------------
     0 | D:1      | PossumBlood the Minotaur Fighter began the quest for the Orb.
     0 | D:1      | Reached XP level 1. HP: 19/19 MP: 0/0
   377 | D:1      | Reached XP level 2. HP: 21/26 MP: 1/1
   711 | D:1      | Reached skill level 4 in Axes
   919 | D:2      | Reached XP level 3. HP: 31/31 MP: 2/2
   925 | D:2      | Found a sparkling altar of Nemelex Xobeh.
  1494 | D:2      | Reached skill level 5 in Axes
  1974 | D:3      | Reached XP level 4. HP: 39/39 MP: 3/3
  2236 | D:3      | Noticed Robin
  2245 | D:3      | Killed Robin
  2246 | D:3      | Reached skill level 6 in Axes
  2625 | D:4      | Reached XP level 5. HP: 24/45 MP: 4/4
  2639 | D:4      | HP: 2/45 [orc wizard/magic dart (3)]
  2853 | D:4      | Reached skill level 7 in Axes
  3014 | D:4      | Found a glowing golden altar of the Shining One.
  3088 | D:4      | Found a shadowy altar of Dithmenos.
  3216 | D:4      | Reached XP level 6. HP: 40/51 MP: 5/5
  3455 | D:5      | Entered Level 5 of the Dungeon
  3459 | D:5      | Reached skill level 8 in Axes
  3499 | D:5      | Reached skill level 9 in Axes
  3551 | D:5      | Reached XP level 7. HP: 13/57 MP: 6/6
  4025 | D:5      | Reached skill level 10 in Axes
  4141 | D:5      | Found Kizosung's Weapon Boutique.
  4300 | D:6      | Reached skill level 11 in Axes
  4302 | D:6      | Reached XP level 8. HP: 42/64 MP: 7/7
  4615 | D:6      | Found a staircase to the Ecumenical Temple.
  4676 | Temple   | Entered the Ecumenical Temple
  5063 | D:6      | Noticed Grinder
  5083 | D:6      | Paralysed by Grinder for 4 turns
  5089 | D:6      | Killed Grinder
  5089 | D:6      | Reached skill level 12 in Axes
  5481 | D:6      | Reached skill level 13 in Axes
  6007 | D:6      | Reached XP level 9. HP: 54/70 MP: 8/8
  6149 | D:7      | Noticed Joseph
  6161 | D:7      | Killed Joseph
  6161 | D:7      | Reached skill level 14 in Axes
  6214 | D:7      | Noticed Pikel
  6244 | D:7      | Killed Pikel
  6244 | D:7      | Reached skill level 15 in Axes
  6962 | D:7      | Found an ancient bone altar of Kikubaaqudgha.
  6964 | D:7      | Found a radiant altar of Vehumet.
  6964 | D:7      | Found a deep blue altar of Sif Muna.
  6970 | D:7      | Identified Vehumet's Reference Book on Attacks
  6978 | D:7      | Identified Kikubaaqudgha's Catalogue of Necromancy
  6986 | D:7      | Identified Sif Muna's Almanac of Transformation
  7400 | D:8      | Reached skill level 16 in Axes
  7405 | D:8      | Paralysed by a wasp for 1 turns
  7413 | D:8      | Reached XP level 10. HP: 42/80 MP: 9/9
  7704 | D:8      | Noticed Grum
  7711 | D:8      | Reached skill level 5 in Fighting
  7725 | D:8      | HP: 3/83 [Grum/spear (6)]
  7731 | D:8      | Killed Grum
  8449 | D:9      | Found an iron altar of Okawaru.
  8465 | D:9      | Became a worshipper of Warmaster Okawaru
  8518 | D:9      | Found a staircase to the Lair.
  8714 | D:9      | Noticed Maurice
  8741 | D:9      | Killed Maurice
  8773 | D:9      | Noticed a hill giant
  8781 | D:9      | Killed a hill giant
  8781 | D:9      | Reached * piety under Okawaru
  8921 | D:9      | Found a staircase to the Orcish Mines.
  8963 | D:9      | Reached skill level 10 in Fighting
  9284 | D:9      | Found Nakk's Jewellery Shop.
  9290 | D:9      | Reached skill level 5 in Armour
  9547 | D:10     | Entered Level 10 of the Dungeon
  9626 | D:10     | Found Qopyll's Food Shoppe.
  9649 | D:10     | Noticed Fannar
  9685 | D:10     | Killed Fannar
  9685 | D:10     | Reached ** piety under Okawaru
  9992 | D:10     | Noticed a hill giant
 10002 | D:10     | Killed a hill giant
 10002 | D:10     | Reached XP level 11. HP: 64/99 MP: 10/10
 10209 | D:10     | Reached *** piety under Okawaru
 10210 | D:10     | Noticed a hill giant
 10224 | D:10     | Killed a hill giant
 10446 | D:10     | Found Dinufar's Book Emporium.
 10701 | D:10     | Killed an unseen horror
 10917 | D:11     | Reached **** piety under Okawaru
 11059 | D:11     | Noticed Erolcha
 11070 | D:11     | Paralysed by Erolcha for 5 turns
 11071 | D:11     | Slain by a komodo dragon

Action                   |  1- 3 |  4- 6 |  7- 9 | 10-12 || total
-------------------------+-------+-------+-------+-------++-------
Melee: War axe           |   144 |   163 |   304 |   301 ||   912
       Hand axe          |       |       |       |    26 ||    26
Invok: Heroism           |       |       |       |     1 ||     1
  Use: Scroll            |       |    11 |     6 |     3 ||    20
       Potion            |       |     2 |     2 |     5 ||     9
 Stab: Confused          |       |       |       |     1 ||     1
  Eat: Bread ration      |     1 |     1 |     3 |       ||     5
       Beef jerky        |       |       |     1 |     4 ||     5
       Royal jelly       |       |       |     1 |     2 ||     3
       Pizza             |       |       |     1 |     1 ||     2
       Fruit             |       |       |       |     3 ||     3
       Meat ration       |       |       |       |     1 ||     1
